 Dungeon Crawl Stone Soup version 0.25-a0-109-ge9c0e85935 (webtiles) character file.

Game seed: 12136997121399590470, levelgen mode: deterministic

251 Leeroy the Slasher (level 6, -2/47 HPs)
             Began as a Barachi Skald on Nov 18, 2019.
             Killed by divine providence
             ... invoked by an orc priest
              (11 damage)
             ... on level 4 of the Dungeon.
             The game lasted 00:08:09 (3566 turns).

Leeroy the Slasher (Barachi Skald)                  Turns: 3566, Time: 00:08:10

Health: -2/47      AC:  8    Str: 14    XL:     6   Next: 13%
Magic:  9/9        EV: 11    Int: 13    God:
Gold:   203        SH:  0    Dex: 12    Spells: 2/9 levels left

rFire    . . .     SeeInvis .   a - +0 falchion
rCold    . . .     Gourm    .   (no shield)
rNeg     . . .     Faith    .   o - +0 ring mail
rPois    .         Spirit   .   p - +1 helmet
rElec    .         Reflect  .   n - +0 cloak
rCorr    .         Harm     .   (no gloves)
MR       .....                  (no boots)
Stlth    +.........             (no amulet)
HPRegen  0.15/turn              (no ring)
MPRegen  0.11/turn              (no ring)

@: slow
A: +LOS, swims, slowness 1, strong legs 1
a: Hop


You were on level 4 of the Dungeon.
You were not hungry.

You visited 1 branch of the dungeon, and saw 4 of its levels.

You collected 203 gold pieces.

Inventory:

Hand Weapons
 a - a +0 falchion (weapon)
 f - a +0 dagger
 v - a +0 flail
 x - a +0 short sword
 G - the +8 rapier of Itulipocw {antimagic, rPois}
   (You found it on level 4 of the Dungeon)

   It reduces the magical energy of the wielder, and disrupts the spells and
   magical abilities of those hit.
   Natural abilities and divine invocations are not affected.
   It protects you from poison.
 H - a +3 trident
Missiles
 q - 9 boomerangs
 r - 16 poisoned darts (quivered)
Armour
 b - a +0 leather armour
 j - a +0 chain mail
 n - a +0 cloak (worn)
 o - a +0 ring mail (worn)
 p - a +1 helmet (worn)
 w - a +0 scale mail
Jewellery
 t - an uncursed ring of flight {unknown}
 y - a +5 ring of slaying {unknown}
 E - an uncursed amulet of regeneration {unknown}
Wands
 D - a wand of disintegration (12)
 F - a wand of iceblast (8)
Scrolls
 c - 4 scrolls of teleportation
 e - 2 scrolls of enchant weapon {unknown}
 g - 2 scrolls of identify
 h - a scroll of amnesia {unknown}
 i - a scroll of random uselessness {unknown}
 k - 2 scrolls of remove curse
 l - a scroll of enchant armour
 m - a scroll of magic mapping {unknown}
Potions
 s - 2 potions of degeneration {unknown}
 u - a potion of heal wounds {unknown}
 z - a potion of invisibility {unknown}
 A - 2 potions of curing
 B - a potion of cancellation {unknown}
 C - a potion of might {unknown}
Comestibles
 d - 8 rations


   Skills:
 + Level 3.3 Fighting
 - Level 6.1 Long Blades
 - Level 1.2 Armour
 - Level 2.1 Dodging
 - Level 2.1 Spellcasting
 - Level 3.0 Hexes
 - Level 3.2 Charms


You had 2 spell levels left.
You knew the following spells:

 Your Spells              Type           Power        Failure   Level  Hunger
a - Infusion              Chrm           #...         13%         1    ##.....
b - Spectral Weapon       Hex/Chrm       #.......     38%         3    ####...
c - Regeneration          Chrm/Necr      #.........   61%         3    ####...

Your spell library contained the following spells:

 Spells                   Type           Power        Failure   Level  Hunger
 Song of Slaying          Chrm           #.......     21%         2    ###....
 Shroud of Golubria       Chrm/Tloc      #.....       36%         2    ###....


Dungeon Overview and Level Annotations

Branches:
Dungeon (4/15)
 Temple: D:4-7

Altars:
Kikubaaqudgha
Trog

Shops:
D:4 (


Innate Abilities, Weirdness & Mutations

Shadows flee at your approach. (+LOS)
You can swim through water.
You cover ground slowly.
You can hop short distances.


Message History

You kill the orc!
An orc comes into view. It is wielding a +0 flail.
The orc shouts!
You hear a shout!
The orc closely misses you.
You riposte.
You closely miss the orc.
An orc priest comes into view. It is wielding a +0 hand axe.
Things that are here:
a +0 chain mail; an orc corpse You slash the orc!
You kill the orc!
The orc hits you with a +0 flail.
The orc priest calls down the wrath of Beogh upon you.
Beogh smites you!
You see here a +0 club.
You hit the orc.
The orc is heavily wounded.
The orc hits you with a +0 flail!
* * * LOW HITPOINT WARNING * * *
The orc priest calls down the wrath of Beogh upon you.
Beogh smites you!
You die...

#.# #.# #..###.# #.# #.#
#......# #.#
#.#####..###.###########
#.#
#............#.......<.#
#.#
#######..#####.#######.#
#..# #.# ##..### #.#
#..[[.# #.# #.###@# #.#
#. #o........ #.#### #.
#o###.###. #.#.##. #.
..# #.###.#. # ... ..#
##.. #### #.# ##.#. ...
#.... ### #.#### ##


You could see an orc priest and an orc.

Vanquished Creatures
  3 orc priests
  An orc wizard (D:3)
  4 adders
  An ooze (D:1)
  2 worms (D:2)
  2 dart slugs
  5 leopard geckos
  10 orcs
  6 bats
  5 giant cockroaches
  3 goblins
  2 hobgoblins
  7 jackals
  7 kobolds
  A quokka (D:3)
  4 frilled lizards
  8 rats
71 creatures vanquished.

Notes
Turn   | Place    | Note
-------+----------+-------------------------------------------
     0 | D:1      | Leeroy the Barachi Skald began the quest for the Orb.
     0 | D:1      | Reached XP level 1. HP: 17/17 MP: 3/3
   121 | D:1      | Reached skill level 3 in Long Blades
   132 | D:1      | Reached XP level 2. HP: 22/23 MP: 5/5
   275 | D:1      | Reached skill level 4 in Long Blades
   363 | D:1      | Reached XP level 3. HP: 20/28 MP: 6/6
   919 | D:2      | Reached skill level 5 in Long Blades
   972 | D:2      | Reached XP level 4. HP: 33/34 MP: 7/7
   977 | D:2      | Learned a level 3 spell: Spectral Weapon
   981 | D:2      | Learned a level 3 spell: Regeneration
   985 | D:2      | Found an ancient bone altar of Kikubaaqudgha.
  1399 | D:2      | Found a bloodstained altar of Trog.
  1903 | D:3      | Reached skill level 6 in Long Blades
  1903 | D:3      | Reached XP level 5. HP: 8/39 MP: 8/8
  2240 | D:3      | Reached skill level 1 in Hexes
  3420 | D:4      | Got a jewelled rapier
  3432 | D:4      | Identified the +8 rapier of Itulipocw {antimagic, rPois}
                  | (You found it on level 4 of the Dungeon)
  3516 | D:4      | Found Fezin's Antique Weapon Boutique.
  3561 | D:4      | Reached XP level 6. HP: 33/47 MP: 9/9
  3566 | D:4      | Killed from afar by an orc priest

Levels and vault maps discovered:
D:1:      scummos_arrival_gate, layout_basic
D:2:      layout_rooms, old_standard_altar, bloody_trog
D:3:      layout_loops_ring, first_ration
D:4:      layout_loops_ring, serial_shops, shop

Skill      XL: |  1  2  3  4  5 |
---------------+----------------+-----
Long Blades    | 3 4 5 6 |  6.1
Hexes          | 3 |  3.0
Fighting       | 3 |  3.3
Armour         | |  1.2
Dodging        | |  2.1
Spellcasting   | |  2.1
Charms         | |  3.2

Action                   |  1- 3 |  4- 6 || total
-------------------------+-------+-------++-------
Melee: Falchion          |    93 |   162 ||   255
 Cast: Infusion          |     1 |       ||     1
       Spectral Weapon   |       |     1 ||     1
  Use: Potion            |     1 |       ||     1
       Scroll            |       |     4 ||     4
  Eat: Chunk             |       |     7 ||     7
       Ration            |       |     1 ||     1
Armor: Leather armour    |    10 |       ||    10
       Ring mail         |    40 |    63 ||   103
Dodge: Dodged            |    97 |   113 ||   210
       Rpst.: Falchion   |    31 |    35 ||    66

Table legend:
 A = Non-vault XP
 B = Vault XP
 C = Vault XP percentage of total XP
 D = Non-vault monster count
 E = Vault monster count
 F = Vault count percentage of total count
                 A         B        C        D         E       F
            +---------+---------+-------+---------+---------+-------
      Total |     359 |       0 |   0.0 |      71 |       0 |   0.0
            +---------+---------+-------+---------+---------+-------
        D:1 |      36 |       0 |   0.0 |      18 |       0 |   0.0
        D:2 |      90 |       0 |   0.0 |      23 |       0 |   0.0
        D:3 |     178 |       0 |   0.0 |      23 |       0 |   0.0
        D:4 |      55 |       0 |   0.0 |       7 |       0 |   0.0
            +---------+---------+-------+---------+---------+-------
